 Dungeon Crawl Stone Soup version 0.27.1-2-g3b301248ec (webtiles) character file.

Game seed: 12791402444771687785

87 barney the Changer (level 4, -10/35 HPs)
             Began as a Draconian Transmuter on Sept 30, 2021.
             Killed by divine providence
             ... invoked by an orc priest
              (14 damage)
             ... on level 3 of the Dungeon.
             The game lasted 00:02:56 (2678 turns).

barney the Changer (Draconian Transmuter)           Turns: 2678, Time: 00:02:57

Health: -10/35     AC:  7    Str:  9 (12) XL:     4   Next: 28%
Magic:  7/7        EV: 12    Int: 13 (15) God:
Gold:   97         SH:  0    Dex: 10 (11) Spells: 6/7 levels left

rFire    . . .     SeeInvis .   k - +7 club
rCold    . . .     Faith    .   (no shield)
rNeg     . . .     Spirit   .   (armour unavailable)
rPois    .         Reflect  .   g - +2 hat
rElec    .         Harm     .   (no cloak)
rCorr    .         Rampage  .   (no gloves)
Will     .....                  (no boots)
Stlth    +.........             (no amulet)
HPRegen  0.11/turn              (no ring)
MPRegen  0.10/turn              (no ring)

@: no status effects
A: AC +5, unfitting armour, cold-blooded
a: no special abilities


You were on level 3 of the Dungeon.
You visited 1 branch of the dungeon, and saw 3 of its levels.

You collected 97 gold pieces.

Inventory:

Hand Weapons
 k - a +7 club (weapon)
Armour
 g - a +2 hat (worn)
Jewellery
 l - a ring of fire
Wands
 j - a wand of polymorph (6)
Scrolls
 d - a scroll of amnesia
 f - 2 scrolls of torment


   Skills:
 - Level 1.1 Fighting
 - Level 1.7 Dodging
 - Level 3.0 Unarmed Combat
 - Level 2.0 Spellcasting
 + Level 4.6 Transmutations


You had 6 spell levels left.
You knew the following spells:

 Your Spells              Type           Power      Damage    Failure   Level
a - Beastly Appendage     Tmut           26%        N/A       3%          1

Your spell library contained the following spells:

 Spells                   Type           Power      Damage    Failure   Level
 Wereblood                Tmut           13%        N/A       6%          2
 Pain                     Necr           4%         1d4       26%         1
 Spider Form              Tmut/Pois      3%         N/A       30%         3
 Ice Form                 Ice/Tmut       7%         N/A       69%         4
 Agony                    Necr           1%         N/A       100%        5
 Excruciating Wounds      Necr           0%         N/A       100%        5


Dungeon Overview and Level Annotations

Branches:
Dungeon (3/15)

Altars:

Shops:
D:3 (


Innate Abilities, Weirdness & Mutations

Your plain brown scales are hard. (AC +5)
You cannot fit into any form of body armour.
You are cold-blooded and may be slowed by cold attacks.


Message History

The orc wizard hits you with a +0 dagger.
It was a potion of magic.
Magic courses through your body.
The orc wizard gestures wildly while chanting.
The orc wizard flickers and vanishes!
Deactivating autopickup; reactivate with Ctrl-A.
You hit something but do no damage. Something hits you.
* * * LOW HITPOINT WARNING * * *
The orc priest mumbles some strange prayers to Beogh against you.
Your transformation is almost over.
You hear some strange, mumbled words.
You are confused.
You aren't carrying any potions.
You are too confused!
You bump into the rock wall.
You bump into the rock wall.
Something hits you.
* * * LOW HITPOINT WARNING * * *
You bump into the rock wall.
You feel less confused.
You hear some strange, mumbled words.
A puff of flame appears from out of thin air!
The puff of flame misses you.
You hit something but do no damage. You claw something.
Something hits you but does no damage.
You closely miss something. Your kick misses something.
You tail-slap something. Something hits you but does no damage.
Something hits you.
* * * LOW HITPOINT WARNING * * *
You closely miss something.
You hear some strange, mumbled words.
A magic dart appears from out of thin air!
The magic dart hits you.
* * * LOW HITPOINT WARNING * * *
The orc priest begins to cast a cantrip, but forgets the words!
You barely miss something. You headbutt something.
Your horns disappear.
Your talons disappear.
Your +2 hat unmelds from your body.
Something hits you.
* * * LOW HITPOINT WARNING * * *
The orc priest invokes the aid of Beogh against you.
Beogh smites you!
You die...

#.# #.# #. #.# #. #.#
#. #.# #. #.########
# #. #..........# #.
#.########.#########.
#...@{o..............
########)###########.
#o# #####. #.# #.....
#§# #.###. #.# #.# #.
#o# ####'###. #.#
#........ #.#
#.......†


You could see an orc priest.

Vanquished Creatures
  Jessica (D:3)
  2 adders
  A worm (D:2)
  A dart slug (D:2)
  2 orcs (D:3)
  5 endoplasms
  2 goblins
  2 hobgoblins (D:1)
  A quokka (D:1)
  5 ball pythons
  6 bats (D:1)
  7 frilled lizards
  2 kobolds (D:1)
  2 rats (D:1)
39 creatures vanquished.

Notes
Turn   | Place    | Note
-------+----------+-------------------------------------------
     0 | D:1      | barney the Draconian Transmuter began the quest for the
                  | Orb.
     0 | D:1      | Reached XP level 1. HP: 16/16 MP: 3/3
   160 | D:1      | Reached XP level 2. HP: 22/23 MP: 3/5
   242 | D:1      | Reached skill level 3 in Transmutations
  1207 | D:2      | Reached XP level 3. HP: 23/28 MP: 4/6
  1275 | D:2      | Found a faded altar of an unknown god.
  2436 | D:3      | Reached skill level 4 in Transmutations
  2500 | D:3      | Noticed Jessica
  2508 | D:3      | Killed Jessica
  2509 | D:3      | Reached XP level 4. HP: 30/35 MP: 5/7
  2571 | D:3      | Found Zibu's Weapon Shoppe.
  2678 | D:3      | Killed from afar by an orc priest

Illustrated notes

Levels and vault maps discovered:
D:1:      minmay_arrival_wavy_path, layout_loops_ring
D:2:      layout_loops_ring, serial_glass, glass_columns_a, glass_columns_a,
          shapermc_ecumenical_altar_flowoftime
D:3:      layout_basic, mainiacjoe_overflow_small_starburst,
          mainiacjoe_overflow_catch_the_wave, serial_shops, shop_statue,
          uniq_jessica

Skill      XL: |  1  2  3 |
---------------+----------+-----
Transmutations | 3 4 |  4.6
Fighting       | |  1.1
Dodging        | |  1.7
Unarmed Combat | |  3.0
Spellcasting   | |  2.0

Action                   |  1- 3 |  4- 6 || total
-------------------------+-------+-------++-------
Melee: Unarmed           |   104 |       ||   104
       Kick              |    14 |     2 ||    16
       Tailslap          |     6 |     2 ||     8
       Headbutt          |     4 |     1 ||     5
       Club              |       |    10 ||    10
 Cast: Beastly Appendage |    24 |     1 ||    25
  Use: Scroll            |       |     4 ||     4
       Potion            |       |     3 ||     3
Armor: Skin              |    30 |     5 ||    35
Dodge: Dodged            |    69 |     5 ||    74
